SL
JACKSON GENERALS @ BILOXI SHUCKERS
04/28/2099
 
TOP OF THE 1ST
Jackson Generals batting - Pitching for Biloxi Shuckers : RHP Everett Clements
Pitching: RHP Everett Clements
Batting: LHB Chris Cervantes 0-0: Foul Ball, location: 5DF
0-1: Ball
1-1: Foul Ball, location: 23F
1-2: Ball
2-2: Fly out, F5 (Popup, 56S, EV 80.6 MPH)
Batting: LHB Phil Campbell 0-0: Called Strike
0-1: Called Strike
0-2: Ball
1-2: Strikes out swinging
Batting: RHB Nate Taylor 0-0: Foul Ball, location: 5FF
0-1: Ball
1-1: SINGLE (Groundball, 23, EV 68.8 MPH) (infield hit)
Batting: LHB Carlos Rivera 0-0: Ball
1-0: Swinging Strike
1-1: Called Strike
1-2: Strikes out swinging
Top of the 1st over - 0 runs, 1 hit, 0 errors, 1 left on base; Jackson 0 - Biloxi 0
BOTTOM OF THE 1ST
Biloxi Shuckers batting - Pitching for Jackson Generals : LHP Jim Unknown
Pitching: LHP Jim Unknown
Batting: SHB Kyle Carlson 0-0: Ball
1-0: Called Strike
1-1: SINGLE (Line Drive, 8RS, EV 90.6 MPH)
Batting: RHB John Badowski 0-0: Ball
1-0: SINGLE (Line Drive, 9S, EV 95.0 MPH)
Kyle Carlson to second
Batting: RHB Eliezer Frias 0-0: Fly out, F4 (Popup, 4MD, EV 58.8 MPH)
Batting: RHB Sean Howlett 0-0: Swinging Strike
0-1: Ball
1-1: Swinging Strike
1-2: Ball
2-2: Ball
3-2: Base on Balls
Kyle Carlson to third
John Badowski to second
Batting: RHB Vinny Prestage 0-0: Swinging Strike
0-1: Fly out, F8 (Flyball, 8LD, EV 94.4 MPH)
Runner from 3rd tags up, SCORES, throw by CF
Batting: RHB Mike Orellana 0-0: Fly out, F9 (Flyball, 9D, EV 91.9 MPH)
Bottom of the 1st over - 1 run, 2 hits, 0 errors, 2 left on base; Jackson 0 - Biloxi 1
TOP OF THE 2ND
Jackson Generals batting - Pitching for Biloxi Shuckers : RHP Everett Clements
Batting: RHB Vince Byrd 0-0: Called Strike
0-1: Ball
1-1: Ball
2-1: Ball
3-1: Ground out 6-3 (Groundball, 56, EV 106.9 MPH)
Batting: RHB Fernando Matos 0-0: Called Strike
0-1: Foul Ball, location: 9LDF
0-2: SINGLE (Flyball, 3D, EV 86.9 MPH)
Batting: RHB Justin Coppola 0-0: Ball
1-0: Ball
2-0: Foul Ball, location: 3FF
2-1: Called Strike
2-2: Strikes out swinging
Batting: LHB Tommy Dwyer 0-0: Ball
1-0: Called Strike
1-1: Foul Ball, location: 2RF
1-2: Ball
2-2: SINGLE (Line Drive, 7S, EV 96.9 MPH)
Fernando Matos to second
Batting: SHB Braeden Wilson 0-0: Foul Ball, location: 2F
0-1: Ball
1-1: Foul Ball, location: 2F
1-2: Ball
2-2: Strikes out swinging
Top of the 2nd over - 0 runs, 2 hits, 0 errors, 2 left on base; Jackson 0 - Biloxi 1
BOTTOM OF THE 2ND
Biloxi Shuckers batting - Pitching for Jackson Generals : LHP Jim Unknown
Batting: RHB Jimmy Stanic 0-0: Ball
1-0: Ball
2-0: Called Strike
2-1: Foul Ball, location: 2F
2-2: SINGLE (Groundball, 3D, EV 107.5 MPH)
Batting: RHB Josh Merklin 0-0: Sac Bunt to 25 - play at first, batter OUT! 5-3
Jimmy Stanic to second
Batting: RHB Mike Waller 0-0: Swinging Strike
0-1: Ball
1-1: Fly out, F5 (Popup, 5S, EV 76.9 MPH)
Batting: SHB Kyle Carlson 0-0: Ball
1-0: Called Strike
1-1: Ball
2-1: SINGLE (Line Drive, 78S, EV 105.6 MPH)
Jimmy Stanic to third
Runner from 3rd tries for Home, SAFE, throw by LF to home
Batting: RHB John Badowski 0-0: Called Strike
0-1: SINGLE (Line Drive, 4D, EV 95.6 MPH)
Kyle Carlson to second
Runner from 2nd tries for 3rd, SAFE, throw by RF made to third
Batting: RHB Eliezer Frias 0-0: Ball
1-0: Ball
2-0: Ball
3-0: Fielders Choice at 2nd, 6-4 (Groundball, 6, EV 85.0 MPH)
Bottom of the 2nd over - 1 run, 3 hits, 0 errors, 2 left on base; Jackson 0 - Biloxi 2
TOP OF THE 3RD
Jackson Generals batting - Pitching for Biloxi Shuckers : RHP Everett Clements
Batting: LHB Chris Cervantes 0-0: Ball
1-0: Swinging Strike
1-1: SINGLE (Groundball, 4MD, EV 109.4 MPH)
Batting: LHB Phil Campbell 0-0: Fly out, F8 (Line Drive, 8RM, EV 87.5 MPH)
Batting: RHB Nate Taylor 0-0: Foul Ball, location: 2RF
0-1: Fly out, F9 (Flyball, 89M, EV 85.6 MPH)
Batting: LHB Carlos Rivera 0-0: Called Strike
Chris Cervantes steals 2nd base
0-1: Ball
1-1: Called Strike
1-2: Ball
2-2: Foul Ball, location: 5F
2-2: Foul Ball, location: 7LSF
2-2: Ball
3-2: Base on Balls
Batting: RHB Vince Byrd 0-0: Called Strike
0-1: Fielders Choice at 2nd, 6-4 (Groundball, 6, EV 101.9 MPH)
Top of the 3rd over - 0 runs, 1 hit, 0 errors, 2 left on base; Jackson 0 - Biloxi 2
BOTTOM OF THE 3RD
Biloxi Shuckers batting - Pitching for Jackson Generals : LHP Jim Unknown
Batting: RHB Sean Howlett 0-0: Swinging Strike
0-1: SINGLE (Line Drive, 4D, EV 95.0 MPH)
Batting: RHB Vinny Prestage 0-0: Called Strike
0-1: Ball
1-1: Ball
2-1: Ball
3-1: Base on Balls
Sean Howlett to second
Batting: RHB Mike Orellana 0-0: Ball
1-0: Swinging Strike
1-1: Called Strike
1-2: Ball
2-2: Fly out, F9 (Flyball, 9, EV 75.0 MPH)
Batting: RHB Jimmy Stanic 0-0: Ball
1-0: Called Strike
1-1: Ball
2-1: Called Strike
2-2: SINGLE (Line Drive, 4D, EV 94.4 MPH)
Sean Howlett to third
Vinny Prestage to second
Runner from 3rd tries for Home, SAFE, throw by CF to home
Batting: RHB Josh Merklin 0-0: Ball
1-0: Foul Ball, location: 2F
1-1: Ball
2-1: 3-RUN HOME RUN (Flyball, 7LD, EV 95.0 MPH), Distance : 351 ft
Batting: RHB Mike Waller 0-0: Ball
1-0: Fly out, F8 (Flyball, 8LM, EV 96.3 MPH)
Batting: SHB Kyle Carlson 0-0: Foul Ball, location: 7LMF
0-1: Ball
1-1: Foul Ball, location: 3F
1-2: Foul Ball, location: 5DF
1-2: Foul Ball, location: 9LMF
1-2: Ball
2-2: Foul Ball, location: 5SF
2-2: Foul Ball, location: 2F
2-2: SOLO HOME RUN (Flyball, 9D, EV 93.1 MPH), Distance : 361 ft
Pitching: RHP Jim Unknown
Batting: RHB John Badowski 0-0: Swinging Strike
0-1: Ball
1-1: Fly out, F8 (Flyball, 8LM, EV 79.4 MPH)
Bottom of the 3rd over - 5 runs, 4 hits, 0 errors, 0 left on base; Jackson 0 - Biloxi 7
TOP OF THE 4TH
Jackson Generals batting - Pitching for Biloxi Shuckers : RHP Everett Clements
Batting: RHB Fernando Matos 0-0: SINGLE (Groundball, 34D, EV 103.1 MPH)
Batting: RHB Justin Coppola 0-0: Ball
1-0: Ball
2-0: Called Strike
2-1: Swinging Strike
2-2: Strikes out looking
Batting: LHB Tommy Dwyer 0-0: Called Strike
0-1: Foul Ball, location: 5FF
0-2: Strikes out looking
Batting: SHB Braeden Wilson 0-0: Called Strike
Fernando Matos steals 2nd base
0-1: Fly out, F5 (Popup, 25, EV 82.5 MPH)
Top of the 4th over - 0 runs, 1 hit, 0 errors, 1 left on base; Jackson 0 - Biloxi 7
BOTTOM OF THE 4TH
Biloxi Shuckers batting - Pitching for Jackson Generals : RHP Jim Unknown
Batting: RHB Eliezer Frias 0-0: Ball
1-0: Swinging Strike
1-1: Ball
2-1: Ball
3-1: Fly out, F9 (Line Drive, 9S, EV 94.4 MPH)
Batting: RHB Sean Howlett 0-0: Fly out, F8 (Flyball, 8RXD, EV 106.9 MPH)
Batting: RHB Vinny Prestage 0-0: SINGLE (Groundball, 4MD, EV 94.4 MPH)
Batting: RHB Mike Orellana 0-0: Ball
1-0: Ball
2-0: SINGLE (Line Drive, 78S, EV 101.3 MPH)
Vinny Prestage to second
Batting: RHB Jimmy Stanic 0-0: Foul Ball, location: 23F
0-1: Foul Ball, location: 9LMF
0-2: Foul Ball, location: 2F
0-2: Strikes out looking
Bottom of the 4th over - 0 runs, 2 hits, 0 errors, 2 left on base; Jackson 0 - Biloxi 7
TOP OF THE 5TH
Jackson Generals batting - Pitching for Biloxi Shuckers : RHP Everett Clements
Batting: LHB Chris Cervantes 0-0: Ball
1-0: Swinging Strike
1-1: Called Strike
1-2: Ball
2-2: Fly out, F8 (Flyball, 8LXD, EV 103.1 MPH)
Batting: LHB Phil Campbell 0-0: Called Strike
0-1: Foul Ball, location: 2F
0-2: Foul Ball, location: 3FF
0-2: Ball
1-2: Foul Ball, location: 3F
1-2: Ball
2-2: Foul Ball, location: 2F
2-2: DOUBLE (Line Drive, 78XD, EV 104.4 MPH)
Batting: RHB Nate Taylor 0-0: Called Strike
0-1: Swinging Strike
0-2: Ball
1-2: Ball
2-2: Strikes out swinging
Batting: LHB Carlos Rivera 0-0: Swinging Strike
0-1: Swinging Strike
0-2: Strikes out swinging
Top of the 5th over - 0 runs, 1 hit, 0 errors, 1 left on base; Jackson 0 - Biloxi 7
BOTTOM OF THE 5TH
Biloxi Shuckers batting - Pitching for Jackson Generals : RHP Jim Unknown
Batting: RHB Josh Merklin 0-0: Ball
1-0: Ball
2-0: Called Strike
2-1: Ball
3-1: SINGLE (Line Drive, 9LS, EV 103.8 MPH)
Batting: RHB Mike Waller 0-0: Foul Ball, location: 2F
0-1: Ball
1-1: Fly out, F8 (Flyball, 8LXD, EV 109.4 MPH)
Batting: SHB Kyle Carlson 0-0: Ball
1-0: Swinging Strike
1-1: Called Strike
1-2: Foul Ball, location: 2F
1-2: Strikes out swinging
Batting: RHB John Badowski 0-0: Ball
1-0: Ball
2-0: Ball
3-0: Called Strike
3-1: Ground out 5-3 (Groundball, 56S, EV 69.4 MPH)
Bottom of the 5th over - 0 runs, 1 hit, 0 errors, 1 left on base; Jackson 0 - Biloxi 7
TOP OF THE 6TH
Jackson Generals batting - Pitching for Biloxi Shuckers : RHP Everett Clements
Batting: RHB Vince Byrd 0-0: Called Strike
0-1: Foul Ball, location: 2F
0-2: Strikes out looking
Batting: RHB Fernando Matos 0-0: Ball
1-0: Ground out 6-3 (Groundball, 6S, EV 91.9 MPH)
Batting: RHB Justin Coppola 0-0: Foul Ball, location: 2F
0-1: Foul Ball, location: 23F
0-2: Foul Ball, location: 9LSF
0-2: SINGLE (Groundball, 34D, EV 96.3 MPH)
Batting: LHB Tommy Dwyer 0-0: Swinging Strike
0-1: Ball
1-1: Ball
Justin Coppola steals 2nd base
2-1: Ball
3-1: Base on Balls
Batting: SHB Braeden Wilson 0-0: Swinging Strike
0-1: Ball
1-1: Ball
2-1: Foul Ball, location: 7LMF
2-2: Ball
3-2: Strikes out looking
Top of the 6th over - 0 runs, 1 hit, 0 errors, 2 left on base; Jackson 0 - Biloxi 7
BOTTOM OF THE 6TH
Biloxi Shuckers batting - Pitching for Jackson Generals : RHP Jim Unknown
Batting: RHB Eliezer Frias 0-0: Called Strike
0-1: Foul Ball, location: 2F
0-2: Fly out, F8 (Flyball, 8RD, EV 100.0 MPH)
Batting: RHB Sean Howlett 0-0: Called Strike
0-1: Ball
1-1: Fly out, F5 (Popup, 25F, EV 85.0 MPH)
Batting: RHB Vinny Prestage 0-0: SINGLE (Groundball, 34D, EV 98.1 MPH)
Batting: RHB Mike Orellana 0-0: Called Strike
0-1: Ball
1-1: Fly out, F7 (Flyball, 78D, EV 94.4 MPH)
Bottom of the 6th over - 0 runs, 1 hit, 0 errors, 1 left on base; Jackson 0 - Biloxi 7
TOP OF THE 7TH
Jackson Generals batting - Pitching for Biloxi Shuckers : RHP Everett Clements
Batting: LHB Chris Cervantes 0-0: Fly out, F9 (Flyball, 89M, EV 100.0 MPH)
Batting: LHB Phil Campbell 0-0: Ball
1-0: Called Strike
1-1: Swinging Strike
1-2: Ball
2-2: Foul Ball, location: 23F
2-2: Ball
3-2: Foul Ball, location: 23FF
3-2: Base on Balls
Pinch Hitting: SHB Jim Unknown 0-0: TRIPLE (Flyball, 89XD, EV 98.1 MPH)
Phil Campbell scores
Batting: LHB Carlos Rivera 0-0: Swinging Strike
0-1: Ball
1-1: Ball
2-1: Fly out, F2 (Popup, 25F, EV 93.8 MPH)
Batting: RHB Vince Byrd 0-0: Ball
1-0: Ball
2-0: Called Strike
2-1: Foul Ball, location: 2F
2-2: Foul Ball, location: 3DF
2-2: Strikes out looking
Top of the 7th over - 1 run, 1 hit, 0 errors, 1 left on base; Jackson 1 - Biloxi 7
BOTTOM OF THE 7TH
Biloxi Shuckers batting - Pitching for Jackson Generals : RHP Jim Unknown
Now at 1B: Jim Unknown
Batting: RHB Jimmy Stanic 0-0: SINGLE (Line Drive, 56D, EV 106.9 MPH)
Batting: RHB Josh Merklin 0-0: Called Strike
0-1: Grounds into double play, 5-4-3 (Groundball, 56S, EV 82.5 MPH)
Batting: RHB Mike Waller 0-0: Called Strike
0-1: Ball
1-1: Swinging Strike
1-2: Fly out, F4 (Popup, 34S, EV 80.0 MPH)
Bottom of the 7th over - 0 runs, 1 hit, 0 errors, 0 left on base; Jackson 1 - Biloxi 7
TOP OF THE 8TH
Jackson Generals batting - Pitching for Biloxi Shuckers : RHP Everett Clements
Batting: RHB Fernando Matos 0-0: Called Strike
0-1: SINGLE (Line Drive, 7S, EV 105.0 MPH)
Batting: RHB Justin Coppola 0-0: Ball
1-0: Fielders Choice at 2nd, 3-6 (Groundball, 3, EV 86.9 MPH)
Batting: LHB Tommy Dwyer 0-0: Called Strike
0-1: Swinging Strike
0-2: SINGLE (Groundball, 34S, EV 67.5 MPH) (infield hit)
Justin Coppola to second
Batting: SHB Braeden Wilson 0-0: Ball
1-0: Called Strike
1-1: Fly out, F4 (Popup, 13, EV 81.3 MPH)
Batting: LHB Chris Cervantes 0-0: Called Strike
0-1: Ball
1-1: Foul Ball, location: 2F
1-2: Ball
2-2: Ground out 4-3 (Groundball, 4, EV 105.6 MPH)
Top of the 8th over - 0 runs, 2 hits, 0 errors, 2 left on base; Jackson 1 - Biloxi 7
BOTTOM OF THE 8TH
Biloxi Shuckers batting - Pitching for Jackson Generals : RHP Jim Unknown
Pitching: RHP Jim Unknown
Batting: SHB Kyle Carlson 0-0: Ground out 3-1 (Groundball, 34, EV 85.6 MPH)
Batting: RHB John Badowski 0-0: Ball
1-0: Foul Ball, location: 5FF
1-1: Fly out, F7 (Line Drive, 78M, EV 103.1 MPH)
Batting: RHB Eliezer Frias 0-0: Called Strike
0-1: Foul Ball, location: 2F
0-2: Strikes out looking
Bottom of the 8th over - 0 runs, 0 hits, 0 errors, 0 left on base; Jackson 1 - Biloxi 7
TOP OF THE 9TH
Jackson Generals batting - Pitching for Biloxi Shuckers : RHP Everett Clements
Batting: LHB Phil Campbell 0-0: Ball
1-0: Ball
2-0: SINGLE (Line Drive, 56D, EV 98.1 MPH)
Pinch Hitting: LHB Manuel Sanchez 0-0: Ball
1-0: DOUBLE (Flyball, 8LXD, EV 110.0 MPH)
Phil Campbell to third
Batting: LHB Carlos Rivera 0-0: Ball
1-0: Foul Ball, location: 9LDF
1-1: Ball
2-1: Ground out 1-3 (Groundball, 13S, EV 65.6 MPH)
Batting: LHB Matt Hicks 0-0: Fly out, F8 (Flyball, 8RD, EV 103.8 MPH)
Runner from 3rd tags up, SCORES, no throw by CF
Pinch Hitting: LHB Jesus Flores 0-0: Called Strike
0-1: Foul Ball, location: 5F
0-2: Foul Ball, location: 2F
0-2: Ball
1-2: Strikes out swinging
Top of the 9th over - 1 run, 2 hits, 0 errors, 1 left on base; Jackson 2 - Biloxi 7
Saturday, May 4th , 2024 - OOTP Baseball 24.11 Build 85